 Dungeon Crawl Stone Soup version 0.26-b1-32-g5d43845318 (webtiles) character file.

Game seed: 17658270855516860768

47643 MisterFreud the Blocker (level 14, -1/110 HPs)
             Began as a Gnoll Wanderer on Jan 10, 2021.
             Was a High Priest of Cheibriados.
             Slain by a yak (13 damage)
             ... on level 6 of the Lair of Beasts.
             The game lasted 01:33:12 (11627 turns).

MisterFreud the Blocker (Gnoll Wanderer)           Turns: 11627, Time: 01:33:12

Health: -1/110     AC:  7    Str: 28    XL:     14   Next: 42%
Magic:  2/27       EV: 27    Int: 36    God:    Cheibriados [*****.]
Gold:   1045       SH: 14    Dex: 27    Spells: 16/31 levels left

rFire    + . .     SeeInvis .   a - +2 war axe (flame)
rCold    + . .     Faith    .   c - +1 buckler
rNeg     . . .     Spirit   .   d - +0 robe
rPois    .         Reflect  +   A - +0 helmet
rElec    .         Harm     .   j - scarf {rC+ rF+}
rCorr    .         Rampage  .   Q - +0 pair of gloves
Will     +....                  N - +0 pair of boots (curse)
Stlth    +++++.....             v - amulet of reflection
HPRegen  0.28/turn              L - +4 ring of evasion
MPRegen  0.20/turn              k - ring of wizardry

@: very slow
A: distributed training, fangs 1, strong nose
a: Renounce Religion, Bend Time, Temporal Distortion, Slouch, Step From Time


You were on level 6 of the Lair of Beasts.
You worshipped Cheibriados.
Cheibriados was extremely pleased with you.
You visited 3 branches of the dungeon, and saw 18 of its levels.

You collected 1165 gold pieces.
You spent 120 gold pieces at shops.

Inventory:

Hand Weapons
 a - a +2 war axe of flaming (weapon)
 b - a +0 dagger of venom
Missiles
 m - 50 poisoned darts (quivered)
 H - 7 boomerangs
 O - 2 throwing nets
 U - 5 silver boomerangs
 V - 17 javelins
Armour
 c - a +1 buckler (worn)
 d - a +0 robe (worn)
 h - a +3 plate armour
 j - a scarf of resistance (worn)
 A - a +0 helmet (worn)
 G - a +0 cloak
 N - a cursed +0 pair of boots (worn)
 Q - a +0 pair of gloves (worn)
 Z - a +0 kite shield
Jewellery
 k - a ring of wizardry (right hand)
 l - an uncursed ring of protection from fire
 v - an amulet of reflection (around neck)
 y - an uncursed ring of poison resistance
 L - a +4 ring of evasion (left hand)
 S - an uncursed amulet of regeneration {unknown}
 X - an uncursed ring of resist corrosion
Wands
 x - a wand of disintegration (15)
 M - a wand of acid (4)
 R - a wand of paralysis (12)
 W - a wand of iceblast (28)
 Y - a wand of enslavement (13)
Scrolls
 e - 11 scrolls of teleportation
 f - 6 scrolls of fog
 q - 10 scrolls of remove curse
 s - 4 scrolls of immolation
 u - 3 scrolls of enchant weapon
 w - 3 scrolls of fear
 z - a scroll of silence
 D - 3 scrolls of blinking
 F - a scroll of torment {unknown}
 K - 3 scrolls of amnesia
 P - 2 scrolls of enchant armour
Potions
 i - 2 potions of flight
 n - 4 potions of curing
 o - 3 potions of ambrosia
 p - 4 potions of lignification
 r - a potion of resistance
 t - a potion of invisibility
 B - 4 potions of cancellation
 C - a potion of attraction
 E - 5 potions of brilliance
 J - a potion of magic
 T - a potion of mutation
Miscellaneous
 g - a phial of floods
 I - a box of beasts


   Skills:
 + Level 10.2 Fighting
 + Level 9.2 Short Blades
 + Level 9.6 Long Blades
 + Level 9.2 Axes
 + Level 10.2 Maces & Flails
 + Level 9.2 Polearms
 + Level 9.2 Staves
 + Level 9.2 Slings
 + Level 9.2 Bows
 + Level 9.2 Crossbows
 + Level 9.2 Throwing
 + Level 9.6 Armour
 + Level 10.2 Dodging
 + Level 9.2 Stealth
 + Level 10.2 Shields
 + Level 9.2 Unarmed Combat
 + Level 9.2 Spellcasting
 + Level 7.7 Conjurations
 + Level 7.7 Hexes
 + Level 7.7 Summonings
 + Level 7.7 Necromancy
 + Level 7.7 Translocations
 + Level 7.7 Transmutations
 + Level 7.7 Fire Magic
 + Level 7.7 Ice Magic
 + Level 7.7 Air Magic
 + Level 7.7 Earth Magic
 + Level 7.7 Poison Magic
 + Level 10.0 Invocations
 + Level 9.2 Evocations


You had 16 spell levels left.
You knew the following spells:

 Your Spells              Type           Power        Failure   Level
a - Apportation           Tloc           100%         1%          1
b - Tukima's Dance        Hex            64%          1%          3
c - Ensorcelled Hibernat  Hex/Ice        100%         1%          2
d - Lesser Beckoning      Tloc           32%          1%          3
e - Invisibility          Hex            64%          6%          6

Your spell library contained the following spells:

 Spells                   Type           Power        Failure   Level
 Beastly Appendage        Tmut           100%         1%          1
 Corona                   Hex            71%          1%          1
 Sting                    Tmut/Pois      100%         1%          1
 Passwall                 Tmut/Erth      53%          1%          2
 Wereblood                Tmut           64%          1%          2
 Confusing Touch          Hex            64%          1%          3
 Dazzling Flash           Conj/Hex       100%         1%          3
 Cause Fear               Hex            32%          1%          4
 Ice Form                 Ice/Tmut       64%          1%          4
 Alistair's Intoxication  Tmut/Pois      42%          1%          5
 Blade Hands              Tmut           32%          1%          5
 Bolt of Magma            Conj/Fire/Erth 32%          1%          5
 Iskenderun's Battlesphe  Conj           64%          1%          5
 Silence                  Hex/Air        32%          1%          5
 Summon Demon             Summ           32%          1%          5
 Summon Forest            Summ/Tloc      32%          1%          5
 Summon Mana Viper        Hex/Summ       64%          1%          5
 Yara's Violent Unravell  Hex/Tmut       32%          1%          5
 Iron Shot                Conj/Erth      32%          6%          6
 Shadow Creatures         Summ           N/A          6%          6
 Orb of Destruction       Conj           32%          32%         7
 Spellforged Servitor     Conj/Summ      32%          32%         7
 Summon Hydra             Summ           32%          32%         7
 Discord                  Hex            32%          93%         8


Dungeon Overview and Level Annotations

Branches:
Dungeon (11/15)            Temple (1/1) D:6            Lair (6/6) D:9
  Swamp (0/4) Lair:4       Spider (0/4) Lair:2        Slime (0/5) Lair:5
    Orc: D:9-12

Altars:
Ashenzari
Cheibriados
Dithmenos
Elyvilon
Fedhas
Gozag
Hepliaklqana
Kikubaaqudgha
Makhleb
Nemelex Xobeh
Okawaru
Qazlal
Ru
Sif Muna
Trog
Uskayaw
Vehumet
Wu Jian
Xom
Yredelemnul
Zin
The Shining One
Jiyva

Shops:
D:4 !   D:5 }

Annotations:
D:3 Grinder
Lair:1 exclusion: 2 oklob plants
Lair:3 3 runed translucent doors, Sadonosm's ghost, journeyman DgSk
Lair:6 1 runed translucent door, wakim's ghost, journeyman DECj


Innate Abilities, Weirdness & Mutations

Your experience applies equally to all skills.
You have very sharp teeth.
Your uncanny sense of smell can sniff out nearby items.


Message History

You slash the yak! You burn the yak. You block the yak's attack.
The yak gores you!
* * * LOW HITPOINT WARNING * * *
Unknown command.
You feel better. You block the yak's attack. The yak completely misses you.
Okay, then.
Unknown command.
Unknown command.
Unknown command.
Unknown command.
Unknown command.
Unknown command.
Unknown command.
Casting: Ensorcelled Hibernation (safe; 1% risk of failure)
Confirm with . or Enter, or press ? or * to list all spells.
Aiming: Ensorcelled Hibernation (safe; 1% risk of failure)
Press: ? - help, Shift-Dir - straight line, f - yak
Aim: a yak (severely wounded, chance to affect: 72%)
The yak looks drowsy...
The yak gores you!
You die...

..##...........................
.##....†#...............<......
##.†..###......................
§§.§#.#..................
§§###..P...#.#...........
###........##.###........
#..........#### #...####.
#.........## ##Y..#[P#
###......## #@#..+$8#
∆###.....# ##Y..#$P# ###.P..#
#....#### ###### ##.....#
##....... .....[. ......# .#
...#.## #....# ....##


You could see 2 yaks.

Vanquished Creatures
  5 hydras
  A centaur warrior (D:11)
  2 boulder beetles
  2 two-headed ogres
  A queen ant (Lair:3)
  Urug (Lair:3)
  A fire crab (Lair:4)
  An unseen horror (D:10)
  Pikel (D:4)
  An ugly thing (D:11)
  A wolf spider (Lair:6)
  Maurice (D:8)
  10 elephants
  6 black mambas
  A guardian serpent (Lair:6)
  16 cane toads
  9 komodo dragons
  A centaur skeleton (D:11)
  3 rime drakes
  3 trolls
  3 tyrant leeches (Lair:4)
  A hornet (Lair:6)
  A polar bear (Lair:4)
  25 blink frogs
  Sigmund (D:2)
  3 redbacks (Lair:6)
  8 wyverns
  34 yaks
  Eustachio (D:4)
  A fire elemental (Lair:6)
  6 basilisks
  2 swamp worms (D:8)
  3 soldier ants (Lair:3)
  20 water moccasins
  3 orc warriors
  2 sky beasts
  A black bear (D:6)
  3 ice beasts
  2 phantoms
  An eye of draining (D:11)
  2 ogres
  17 wolves
  4 centaurs
  2 big kobolds
  14 bullfrogs
  3 scorpions
  16 killer bees
  3 electric eels
  4 howler monkeys
  2 jellies (D:11)
  A centaur zombie (D:11)
  3 orc priests
  Crazy Yiuf (D:4)
  10 hounds
  5 bullfrog skeletons
  Terence (D:2)
  6 orc wizards
  2 iguanas
  8 hell rats
  18 worker ants
  A hound zombie (D:8)
  A hound skeleton (D:6)
  2 worker ant zombies
  12 gnolls
  A howler monkey skeleton (D:7)
  9 adders
  4 white imps
  2 ufetubi
  An ooze (D:2)
  A worm (D:2)
  5 leopard geckos
  14 orcs
  2 giant cockroaches
  4 hobgoblins
  23 kobolds
  3 quokkas
  6 bats
  3 frilled lizards
  10 goblins
  3 rats
417 creatures vanquished.

Vanquished Creatures (collateral kills)
  An unseen horror (D:10)
  An ogre (D:7)
2 creatures vanquished.

Vanquished Creatures (others)
  5 dancing weapons
  An orc (D:8)
  A kobold (D:11)
  48 fungi
  94 plants
149 creatures vanquished.

Grand Total: 568 creatures vanquished

Notes
Turn   | Place    | Note
-------+----------+-------------------------------------------
     0 | D:1      | MisterFreud the Gnoll Wanderer began the quest for the Orb.
     0 | D:1      | MisterFreud set off with the following items: a +2 mace, a
                  | +0 falchion, a +0 buckler, a +0 robe
     0 | D:1      | Reached XP level 1. HP: 20/20 MP: 1/1
   255 | D:1      | Reached XP level 2. HP: 19/26 MP: 2/2
  1176 | D:2      | Found a shimmering blue altar of Sif Muna.
  1303 | D:2      | Noticed Terence
  1324 | D:2      | Killed Terence
  1325 | D:2      | Reached skill level 1 in Invocations
  1325 | D:2      | Reached XP level 3. HP: 26/31 MP: 2/4
  1344 | D:2      | Noticed Sigmund
  1385 | D:2      | Killed Sigmund
  1386 | D:2      | Reached skill level 1 in Short Blades
  1386 | D:2      | Reached skill level 1 in Axes
  1386 | D:2      | Reached skill level 1 in Polearms
  1386 | D:2      | Reached skill level 1 in Staves
  1386 | D:2      | Reached skill level 1 in Slings
  1386 | D:2      | Reached skill level 1 in Bows
  1386 | D:2      | Reached skill level 1 in Crossbows
  1386 | D:2      | Reached skill level 1 in Throwing
  1386 | D:2      | Reached skill level 1 in Stealth
  1386 | D:2      | Reached skill level 1 in Unarmed Combat
  1386 | D:2      | Reached skill level 1 in Spellcasting
  1386 | D:2      | Reached skill level 1 in Conjurations
  1386 | D:2      | Reached skill level 1 in Hexes
  1386 | D:2      | Reached skill level 1 in Summonings
  1386 | D:2      | Reached skill level 1 in Necromancy
  1386 | D:2      | Reached skill level 1 in Translocations
  1386 | D:2      | Reached skill level 1 in Transmutations
  1386 | D:2      | Reached skill level 1 in Fire Magic
  1386 | D:2      | Reached skill level 1 in Ice Magic
  1386 | D:2      | Reached skill level 1 in Air Magic
  1386 | D:2      | Reached skill level 1 in Earth Magic
  1386 | D:2      | Reached skill level 1 in Poison Magic
  1386 | D:2      | Reached skill level 1 in Evocations
  1386 | D:2      | Reached XP level 4. HP: 13/38 MP: 4/6
  1386 | D:2      | Reached XP level 5. HP: 15/43 MP: 4/7
  1451 | D:2      | Reached XP level 6. HP: 24/50 MP: 8/8
  2287 | D:3      | Reached skill level 5 in Fighting
  2287 | D:3      | Reached skill level 5 in Maces & Flails
  2287 | D:3      | Reached skill level 5 in Dodging
  2287 | D:3      | Reached skill level 5 in Shields
  2390 | D:3      | Learned a level 1 spell: Apportation
  2404 | D:3      | Learned a level 3 spell: Tukima's Dance
  2450 | D:3      | Found a sacrificial altar of Ru.
  2812 | D:3      | Noticed Grinder
  2884 | D:5      | Entered Level 5 of the Dungeon
  2884 | D:5      | Found Wupp's Gadget Shoppe.
  2942 | D:4      | Reached XP level 7. HP: 32/56 MP: 10/10
  3248 | D:4      | Noticed Pikel
  3283 | D:4      | Killed Pikel
  3284 | D:4      | Reached XP level 8. HP: 17/63 MP: 10/12
  3299 | D:4      | Noticed Eustachio
  3397 | D:4      | Found a runed translucent door.
  3398 | D:4      | Noticed Crazy Yiuf
  3442 | D:4      | Killed Eustachio
  3596 | D:4      | Found Xogini's Distillery.
  3599 | D:4      | Bought a potion of heal wounds for 50 gold pieces
  3599 | D:4      | Bought a potion of flight for 30 gold pieces
  3599 | D:4      | Bought a potion of brilliance for 40 gold pieces
  3711 | D:4      | Killed Crazy Yiuf
  3910 | D:5      | Learned a level 2 spell: Ensorcelled Hibernation
  4013 | D:5      | Found an ornate altar of the Wu Jian Council.
  4354 | D:6      | Found a sparkling altar of Nemelex Xobeh.
  4400 | D:7      | Reached XP level 9. HP: 46/69 MP: 5/14
  4513 | D:6      | Found a staircase to the Ecumenical Temple.
  4649 | D:6      | Found a white marble altar of Elyvilon.
  4653 | D:6      | Found a broken altar of Ashenzari.
  4657 | D:6      | Found a glowing golden altar of the Shining One.
  4711 | Temple   | Entered the Ecumenical Temple
  4759 | Temple   | Became a worshipper of Cheibriados the Contemplative
  4833 | D:6      | Reached skill level 5 in Long Blades
  4833 | D:6      | Reached skill level 5 in Armour
  5216 | D:7      | Reached * piety under Cheibriados
  5305 | D:9      | Noticed a two-headed ogre
  5391 | D:8      | Noticed an angel
  5392 | D:8      | Found a glowing silver altar of Zin.
  5437 | D:8      | Reached skill level 5 in Invocations
  5669 | D:8      | Reached ** piety under Cheibriados
  5707 | D:8      | Reached XP level 10. HP: 51/77 MP: 17/17
  5819 | D:8      | Noticed Maurice
  5851 | D:8      | Killed Maurice
  5852 | D:8      | Reached skill level 5 in Short Blades
  5852 | D:8      | Reached skill level 5 in Axes
  5852 | D:8      | Reached skill level 5 in Polearms
  5852 | D:8      | Reached skill level 5 in Staves
  5852 | D:8      | Reached skill level 5 in Slings
  5852 | D:8      | Reached skill level 5 in Bows
  5852 | D:8      | Reached skill level 5 in Crossbows
  5852 | D:8      | Reached skill level 5 in Throwing
  5852 | D:8      | Reached skill level 5 in Stealth
  5852 | D:8      | Reached skill level 5 in Unarmed Combat
  5852 | D:8      | Reached skill level 5 in Spellcasting
  5852 | D:8      | Reached skill level 5 in Evocations
  5987 | D:10     | Entered Level 10 of the Dungeon
  6164 | D:9      | Found a staircase to the Lair.
  6271 | D:9      | Killed a two-headed ogre
  6313 | D:8      | Learned a level 3 spell: Lesser Beckoning
  6450 | D:9      | Found a radiant altar of Vehumet.
  6892 | D:10     | Killed an unseen horror
  6954 | D:10     | Killed an unseen horror
  7068 | D:10     | Reached XP level 11. HP: 68/84 MP: 17/19
  7107 | D:10     | Reached *** piety under Cheibriados
  7505 | D:11     | Noticed a boulder beetle
  7689 | D:11     | Noticed a brown ugly thing
  7700 | D:11     | Killed a brown ugly thing
  7704 | D:11     | Reached skill level 5 in Conjurations
  7704 | D:11     | Reached skill level 5 in Hexes
  7704 | D:11     | Reached skill level 5 in Summonings
  7704 | D:11     | Reached skill level 5 in Necromancy
  7704 | D:11     | Reached skill level 5 in Translocations
  7704 | D:11     | Reached skill level 5 in Transmutations
  7704 | D:11     | Reached skill level 5 in Fire Magic
  7704 | D:11     | Reached skill level 5 in Ice Magic
  7704 | D:11     | Reached skill level 5 in Air Magic
  7704 | D:11     | Reached skill level 5 in Earth Magic
  7704 | D:11     | Reached skill level 5 in Poison Magic
  7797 | D:11     | Killed a boulder beetle
  7821 | D:11     | Noticed a centaur warrior
  8085 | D:11     | Reached **** piety under Cheibriados
  8085 | D:11     | Killed a centaur warrior
  8198 | D:11     | Noticed a two-headed ogre
  8210 | D:11     | Killed a two-headed ogre
  8324 | Lair:1   | Entered Level 1 of the Lair of Beasts
  8605 | Lair:1   | Noticed a seven-headed hydra
  8610 | Lair:1   | Killed a seven-headed hydra
  8611 | Lair:1   | Reached XP level 12. HP: 94/94 MP: 22/22
  8618 | Lair:1   | Learned a level 6 spell: Invisibility
  8823 | Lair:1   | Noticed a six-headed hydra
  8832 | Lair:1   | Killed a five-headed hydra
  8865 | Lair:1   | Reached ***** piety under Cheibriados
  9461 | Lair:2   | Identified 2 scrolls of acquirement
  9461 | Lair:2   | Acquired MisterFreud's Compendium of Moulding
  9544 | Lair:2   | Found a hole to the Spider Nest.
  9793 | Lair:3   | Noticed Urug
  9807 | Lair:3   | Killed Urug
  9808 | Lair:3   | Reached XP level 13. HP: 63/101 MP: 8/24
  9863 | Lair:3   | Found a runed translucent gate.
  9863 | Lair:3   | Found a runed translucent gate.
  9863 | Lair:3   | Found a runed translucent gate.
  9866 | Lair:3   | Noticed Sadonosm's ghost (journeyman DgSk)
 10600 | Lair:4   | Found a staircase to the Swamp.
 10758 | Lair:5   | Found a viscous altar of Jiyva.
 10758 | Lair:5   | Found a staircase to the Slime Pits.
 10845 | Lair:6   | Entered Level 6 of the Lair of Beasts
 11279 | Lair:6   | Reached XP level 14. HP: 109/109 MP: 20/26
 11292 | Lair:6   | Reached skill level 10 in Fighting
 11292 | Lair:6   | Reached skill level 10 in Maces & Flails
 11292 | Lair:6   | Reached skill level 10 in Dodging
 11292 | Lair:6   | Reached skill level 10 in Shields
 11532 | Lair:6   | Acquired a book of Summonings
 11557 | Lair:6   | Found a runed translucent door.
 11557 | Lair:6   | Noticed wakim's ghost (journeyman DECj)
 11582 | Lair:6   | Reached ****** piety under Cheibriados
 11604 | Lair:6   | Reached skill level 10 in Invocations
 11627 | Lair:6   | Slain by a yak

Illustrated notes

Levels and vault maps discovered:
D:1:      minmay_arrival_plants_in_alcoves, layout_loops_ring,
          minmay_pentomino_q4
D:2:      layout_loops_corners, lemuel_coloured_pillars_altar,
          minmay_goblin_kobold_house, uniq_terence, uniq_sigmund
D:3:      layout_loops_ring, nicolae_overflow_crystal_walls,
          grunt_ministairs_11, uniq_grinder
D:4:      layout_loops_ring, serial_shops, kennysheep_mini_moat,
          chequers_serial_rivers_room_a, uniq_crazy_yiuf_cottage,
          uniq_eustachio, uniq_pikel
D:5:      layout_rooms, general_overflow_altar, serial_shops,
          nicolae_shop_statue_plus
D:6:      layout_cave_pools, nemelex_xobeh_ov_fountains_minmay,
          minmay_overflow_temple_star_quad, minmay_temple_entry_junction_2,
          minmay_puff
D:7:      layout_rooms
D:8:      layout_basic, zin_angel, worms_lemuel, uniq_maurice
D:9:      layout_loops_corners, old_standard_altar, erik_lair_island
D:10:     layout_layer_cave
D:11:     layout_long_grid
Temple:   cyrus_circular_temple
Lair:1:   layout_long_grid, minmay_lair_oklob_chamber
Lair:2:   layout_long_grid, dummy_spider_entry
Lair:3:   layout_hall_layers, gammafunk_ghost_hydra_chop,
          chequers_serial_rivers_small_a, minmay_another_anthill,
          grunt_megastairs_5, uniq_urug
Lair:4:   layout_regular_city, minmay_swamp_entry_worms, serial_bayou_shore_a,
          grunt_megastairs_2
Lair:5:   statuecave_lemuel, layout_loops_ring, slime_altar_1,
          serial_bayou_shore_b, grunt_megastairs_1
Lair:6:   wormcave, layout_gridlike, hangedman_lair_tendril_chambers,
          gammafunk_ghost_grave, lemuel_fruit_fields, serial_bayou_shore_b

Skill      XL: |  1  2  3  4  5  6  7  8  9 10 11 12 13 14 |
---------------+-------------------------------------------+-----
Invocations    | 1 2 3 4 5 6 7 8 9 10 | 10.0
Short Blades   | 1 2 3 4 5 6 7 8 9 |  9.2
Long Blades    | 3 4 5 6 7 8 9 |  9.6
Axes           | 1 2 3 4 5 6 7 8 9 |  9.2
Polearms       | 1 2 3 4 5 6 7 8 9 |  9.2
Staves         | 1 2 3 4 5 6 7 8 9 |  9.2
Slings         | 1 2 3 4 5 6 7 8 9 |  9.2
Bows           | 1 2 3 4 5 6 7 8 9 |  9.2
Crossbows      | 1 2 3 4 5 6 7 8 9 |  9.2
Throwing       | 1 2 3 4 5 6 7 8 9 |  9.2
Armour         | 3 4 5 6 7 8 9 |  9.6
Stealth        | 1 2 3 4 5 6 7 8 9 |  9.2
Unarmed Combat | 1 2 3 4 5 6 7 8 9 |  9.2
Spellcasting   | 1 2 3 4 5 6 7 8 9 |  9.2
Conjurations   | 1 2 3 4 5 6 7 |  7.7
Hexes          | 1 2 3 4 5 6 7 |  7.7
Summonings     | 1 2 3 4 5 6 7 |  7.7
Necromancy     | 1 2 3 4 5 6 7 |  7.7
Translocations | 1 2 3 4 5 6 7 |  7.7
Transmutations | 1 2 3 4 5 6 7 |  7.7
Fire Magic     | 1 2 3 4 5 6 7 |  7.7
Ice Magic      | 1 2 3 4 5 6 7 |  7.7
Air Magic      | 1 2 3 4 5 6 7 |  7.7
Earth Magic    | 1 2 3 4 5 6 7 |  7.7
Poison Magic   | 1 2 3 4 5 6 7 |  7.7
Evocations     | 1 2 3 4 5 6 7 8 9 |  9.2
Fighting       | 5 6 7 8 9 10 | 10.2
Maces & Flails | 5 6 7 8 9 10 | 10.2
Dodging        | 5 6 7 8 9 10 | 10.2
Shields        | 5 6 7 8 9 10 | 10.2

Action                   |  1- 3 |  4- 6 |  7- 9 | 10-12 | 13-15 || total
-------------------------+-------+-------+-------+-------+-------++-------
Melee: Mace              |    39 |    41 |       |       |       ||    80
       Whip              |       |    75 |   193 |       |       ||   268
       Bite              |       |    15 |    33 |    54 |    32 ||   134
       War axe           |       |       |   105 |   235 |    89 ||   429
       Dagger            |       |       |       |    88 |   145 ||   233
Throw: Dart              |    13 |     1 |    25 |       |       ||    39
       Stone             |     1 |       |       |       |       ||     1
 Cast: Ensorcelled Hiber |       |       |    14 |    82 |   105 ||   201
       Tukima's Dance    |       |       |     7 |     8 |       ||    15
       Apportation       |       |       |     1 |     4 |       ||     5
       Invisibility      |       |       |       |       |     2 ||     2
Invok: Slouch            |       |       |       |     6 |     4 ||    10
Evoke: Wand              |       |       |     2 |     2 |       ||     4
       Box of beasts     |       |       |       |     1 |       ||     1
  Use: Potion            |       |       |     3 |     3 |     2 ||     8
       Scroll            |       |       |     2 |    15 |     7 ||    24
 Stab: Sleeping          |     1 |     3 |     8 |    58 |    79 ||   149
       Distracted        |       |       |     1 |     1 |       ||     2
       Invisible         |       |       |       |       |    12 ||    12
Armor: Robe              |     3 |     2 |    33 |    48 |    14 ||   100
       Ring mail         |     2 |    13 |       |       |       ||    15
Dodge: Dodged            |    24 |    53 |   209 |   277 |   168 ||   731
Block: Buckler           |     5 |    23 |    82 |   228 |   151 ||   489
       Reflection        |       |       |       |    16 |       ||    16
